 Dungeon Crawl Stone Soup version 0.20.1-1-g8b1a95d (webtiles) character file.

137 Kosschaser the Sneak (level 5, -3/36 HPs)
             Began as a Merfolk Enchanter on July 5, 2017.
             Was an Initiate of Dithmenos.
             Slain by a phantom (7 damage)
             ... on level 4 of the Dungeon.
             The game lasted 00:10:22 (3924 turns).

Kosschaser the Sneak (Merfolk Enchanter)            Turns: 3924, Time: 00:10:23

Health: -3/36      AC:  3    Str:  9    XL:     5   Next: 20%
Magic:  5/8        EV: 13    Int: 19    God:    Dithmenos [......]
Gold:   104        SH:  0    Dex: 15    Spells: 2/9 levels left

rFire    . . .     SeeInvis .   e - +3 dagger
rCold    . . .     Gourm    .   (no shield)
rNeg     . . .     Faith    .   b - +1 robe
rPois    .         Spirit   .   (no helmet)
rElec    .         Reflect  .   (no cloak)
rCorr    .         Harm     .   (no gloves)
MR       .....                  (no boots)
Stlth    +++.......             i - amulet of rage
Regen    0.2/turn               (no ring)
MPRegen  0.2/turn               (no ring)

@: brilliant, lethally poisoned (-3 -> -4)
A: change form in water, swift swim, stealthy swim
a: Renounce Religion, Evoke Berserk Rage


You were on level 4 of the Dungeon.
You worshipped Dithmenos.
Dithmenos was noncommittal.
You were near starving.

You visited 1 branch of the dungeon, and saw 4 of its levels.

You collected 104 gold pieces.

Inventory:

Hand Weapons
 a - a +1 dagger
 e - a +3 dagger (weapon)
Armour
 b - a +1 robe (worn)
Jewellery
 i - an amulet of rage (around neck)
Scrolls
 h - a scroll of enchant weapon {unknown}
 j - a scroll of remove curse {unknown}
 k - a scroll of teleportation
 n - a scroll of blinking {unknown}
 q - a scroll of identify {unknown}
 r - a scroll of amnesia {unknown}
Potions
 l - 2 potions of flight
 p - 2 potions of brilliance
 s - a potion of cancellation {unknown}
 u - a potion of might {unknown}
Books
 c - a book of Maledictions

   Spells                             Type                      Level
   a - Corona                         Hexes                        1
   b - Ensorcelled Hibernation        Hexes/Ice                    2
   c - Confuse                        Hexes                        3
   d - Tukima's Dance                 Hexes                        3
   e - Dazzling Spray                 Conjuration/Hexes            3
Comestibles
 d - 2 bread rations
 o - a royal jelly
 t - 6 fruits


   Skills:
 + Level 0.4 Fighting
 + Level 2.9 Short Blades
 + Level 3.2 Dodging
 + Level 4.4 Stealth
 + Level 2.5 Spellcasting
 + Level 3.8 Hexes


You had 2 spell levels left.
You knew the following spells:

 Your Spells              Type           Power        Failure   Level  Hunger
a - Corona                Hex            ####...      1%          1    #......
b - Confuse               Hex            ####....     1%          3    ###....
c - Tukima's Dance        Hex            ####....     1%          3    ###....


Dungeon Overview and Level Annotations

Branches:
Dungeon (4/15)
 Temple: D:4-7

Altars:
Dithmenos
Okawaru
Zin


Message History

You barely miss the phantom.
The phantom is lightly damaged.
The phantom blinks!
As you read the scroll labeled PASTAPHIAMN, it crumbles to dust.
It is a scroll of enchant armour.
Your +0 robe glows green for a moment.
As you read the scroll labeled RARGHE WEHUNNYMOUZ, it crumbles to dust.
You feel a strange sense of stasis.
It was a scroll of teleportation.
Unknown command.
You feel sick.
The phantom hits you but does no damage.
The phantom hits you.
* * * LOW HITPOINT WARNING * * *
You cannot move.
You cannot move.
You hit the phantom.
The phantom is lightly damaged.
You feel less wooden.
Your +1 robe unmelds from your body.
You feel sick. The phantom hits you!
You die...

#.#.....# #.# ###.#.###.##
#.###### #..........# ##.......
#..........###........ #####
#..................##.
##[..#######....§§.....##.###....
...............§§§.......... ....
.....#.##......#W###.#.#.........
##..#.....W....#@# #...##.##.####
....####.......#§# #...........
...#...........#§# #...####.....
...#.###.......#.# #.... .. ..
...#.# #.......#.#
...#.###.......#.#
...............#.#
...............#.#
####.###.........


You could see a phantom.

Vanquished Creatures
  3 gnolls (D:2)
  3 adders
  3 oozes
  An adder skeleton (D:4)
  A worm (D:2)
  2 dart slugs
  2 leopard geckos
  4 giant cockroaches
  9 hobgoblins
  4 jackals
  5 kobolds
  5 bats
  4 frilled lizards
  5 goblins
  7 rats
58 creatures vanquished.

Vanquished Creatures (others)
  2 dancing weapons (D:2)
2 creatures vanquished.

Grand Total: 60 creatures vanquished

Notes
Turn   | Place    | Note
-------+----------+-------------------------------------------
     0 | D:1      | Kosschaser the Merfolk Enchanter began the quest for the Orb.
     0 | D:1      | Reached XP level 1. HP: 13/13 MP: 3/3
   358 | D:1      | Reached XP level 2. HP: 19/19 MP: 5/5
  1036 | D:2      | Reached XP level 3. HP: 24/24 MP: 6/6
  1256 | D:2      | Learned a level 3 spell: Confuse
  1328 | D:2      | Found an iron altar of Okawaru.
  1528 | D:2      | Reached skill level 4 in Stealth
  2547 | D:2      | Reached XP level 4. HP: 25/30 MP: 3/7
  3295 | D:3      | Found a glowing silver altar of Zin.
  3296 | D:3      | Noticed an angel
  3301 | D:3      | Learned a level 3 spell: Tukima's Dance
  3378 | D:2      | Reached XP level 5. HP: 19/36 MP: 3/8
  3700 | D:4      | Found a shadowy altar of Dithmenos.
  3708 | D:4      | Became a worshipper of Dithmenos the Shadowed
  3876 | D:4      | Noticed a phantom
  3924 | D:4      | Slain by a phantom

Skill      XL: |  1  2  3 |
---------------+----------+-----
Dodging        | 3 |  3.2
Stealth        | 4 |  4.4
Short Blades   | 2 |  2.9
Fighting       | |  0.4
Spellcasting   | |  2.5
Hexes          | |  3.8

Action                   |  1- 3 |  4- 6 || total
-------------------------+-------+-------++-------
Melee: Dagger            |   139 |    88 ||   227
 Cast: Confuse           |     8 |     5 ||    13
       Tukima's Dance    |       |     2 ||     2
  Use: Potion            |     3 |     2 ||     5
       Scroll            |       |     3 ||     3
 Stab: Sleeping          |     7 |     8 ||    15
       Distracted        |     1 |       ||     1
       Confused          |     2 |     1 ||     3
  Eat: Chunk             |     6 |     4 ||    10
Armor: Robe              |    13 |     7 ||    20
       Skin              |     4 |    19 ||    23
Dodge: Dodged            |    79 |    43 ||   122
